 Dungeon Crawl Stone Soup version 0.28.0-53-g5a82cb258f (webtiles) character file.

Game seed: 15480251553840987657

28 wingedge the Skirmisher (level 3, 0/33 HPs)
             Began as a Minotaur Fighter on June 9, 2022.
             Slain by a kobold
             ... wielding a +1 dagger of venom
              (3 damage)
             ... on level 2 of the Dungeon.
             The game lasted 00:03:13 (736 turns).

wingedge the Skirmisher (Minotaur Fighter)           Turns: 736, Time: 00:03:14

Health: 0/33       AC:  7    Str: 22    XL:     3   Next: 0%
Magic:  2/2        EV:  9    Int:  5    God:
Gold:   81         SH:  4    Dex:  9    Spells: 2/2 levels left

rFire   . . .      SeeInvis .   a - +0 war axe
rCold   . . .      Faith    .   c - +0 buckler
rNeg    . . .      Spirit   .   b - +0 scale mail
rPois   .          Reflect  .   (helmet restricted)
rElec   .          Harm     .   (no cloak)
rCorr   +          Rampage  .   (no gloves)
Will    .....                   (no boots)
Stlth   ..........              (no amulet)
HPRegen 0.11/turn               f - ring of resist corrosion
MPRegen 0.08/turn               (no ring)

@: mighty, lethally poisoned (0 -> -12)
A: horns 2, retaliatory headbutt
a: no special abilities


You were on level 2 of the Dungeon.
You visited 1 branch of the dungeon, and saw 2 of its levels.

You collected 81 gold pieces.

Inventory:

Hand Weapons
 a - a +0 war axe (weapon)
 g - a +0 hunting sling
Armour
 b - a +0 scale mail (worn)
 c - a +0 buckler (worn)
 e - a +0 ring mail
Jewellery
 f - a ring of resist corrosion (left hand)
Scrolls
 h - a scroll of blinking {unknown}
Potions
 i - a potion of lignification {unknown}


   Skills:
 + Level 4.1 Fighting
 + Level 3.0 Axes
 - Level 4.0 Armour
 - Level 4.0 Shields


You had 2 spell levels left.
You didn't know any spells.
Your spell library was empty.

Dungeon Overview and Level Annotations

Branches:
Dungeon (2/15)

Altars:


Innate Abilities, Weirdness & Mutations

You have a pair of horns on your head.
You reflexively headbutt those who attack you in melee.


Message History

There are no items here.
There is a stone staircase leading down here.
Found a chain mail.
A kobold comes into view. It is wielding a +1 dagger of venom.
Found a stone staircase leading down.
The kobold shouts!
The kobold moves out of view.
You block the kobold's attack.
You completely miss the kobold. Your headbutt misses the kobold.
The kobold hits you with a +1 dagger of venom.
The kobold hits you but does no damage.
You are poisoned.
You barely miss the kobold.
You feel very sick. The kobold hits you but does no damage.
You are more poisoned.
You barely miss the kobold.
You feel very sick. You block the kobold's attack.
The kobold hits you but does no damage.
You are more poisoned.
You hit the kobold but do no damage.
You feel very sick. The kobold barely misses you.
You closely miss the kobold.
You feel very sick. The kobold hits you but does no damage.
You are lethally poisoned!
The kobold hits you but does no damage.
You are too injured to fight recklessly!
You feel very mighty all of a sudden.
* * * LOW HITPOINT WARNING * * *
You feel very sick. You block the kobold's attack.
You are too injured to fight recklessly!
You are too injured to fight recklessly!
You miss the kobold. Your headbutt misses the kobold.
* * * LOW HITPOINT WARNING * * *
You feel very sick.
The kobold hits you with a +1 dagger of venom.
You die...

#. #. ##. # ##### #..
#.##..>. . #.. #......#
#..###.. #..#.#.#####.#
#....... #....K.[.....#
##.###.. #.#.#@# #......
#.....# #####..
###.########## #..
##.####.#........#######..
........#.######..........
##.....>.<# #########..
########## ###


You could see a kobold.

Vanquished Creatures
  4 endoplasms (D:1)
  A giant cockroach (D:1)
  4 hobgoblins (D:1)
  5 kobolds
  A quokka (D:1)
  6 bats (D:1)
  A frilled lizard (D:2)
  2 goblins (D:1)
  A rat (D:1)
25 creatures vanquished.

Notes
Turn   | Place    | Note
-------+----------+-------------------------------------------
     0 | D:1      | wingedge the Minotaur Fighter began the quest for the Orb.
     0 | D:1      | Reached XP level 1. HP: 19/19 MP: 0/0
    50 | D:1      | Found a faded altar of an unknown god.
    50 | D:1      | Noticed a smoke demon
   154 | D:1      | Reached XP level 2. HP: 23/27 MP: 1/1
   691 | D:2      | Reached XP level 3. HP: 33/33 MP: 2/2
   736 | D:2      | Slain by a kobold

Illustrated notes

Levels and vault maps discovered:
D:1:      lemuel_arrival_lava_pool, layout_rooms,
          dreamdust_ecumenical_altar_sealed_demon,
          hangedman_abyss_or_decor_stabs
D:2:      layout_loops_ring

Skill      XL: |  1  2 |
---------------+-------+-----
Fighting       | 4 |  4.1
Armour         | 4 |  4.0
Shields        | 4 |  4.0
Axes           | 3 |  3.0

Action                   || total
-------------------------++-------
Melee: War axe           ||    58
       Headbutt          ||     5
  Use: Potion            ||     1
Armor: Scale mail        ||    29
Dodge: Dodged            ||    30
Block: Buckler           ||    15
